 Dungeon Crawl Stone Soup version 0.30.1-11-g7821555f0a (webtiles) character file.

Game seed: 7551262051331982097

856 Okkudo the Chopper (level 8, -3/73 HPs)
             Began as a Hill Orc Monk on Nov 28, 2023.
             Was a Believer of Beogh.
             Splashed by a jelly's acid (10 damage)
             ... on level 3 of the Dungeon.
             The game lasted 00:24:53 (4643 turns).

Okkudo the Chopper (Hill Orc Monk)                  Turns: 4643, Time: 00:24:53

Health: -3/73      AC: -7    Str: 16    XL:     8   Next: 2%
Magic:  8/8        EV:  8    Int: 10    God:    Beogh [**....]
Gold:   272        SH:  0    Dex: 19    Spells: 5/7 levels left

rFire   . . .        a - +0 hand axe
rCold   . . .        d - orb {light}
rNeg    . . .        D - +0 chain mail
rPois   .            i - +2 helmet
rElec   .            (no cloak)
rCorr   .            q - +2 pair of gloves
SInv    .            h - +0 pair of boots
Will    .....        (no amulet) Stlth
                     k - +6 ring of dexterity
HPRegen 0.32/turn    (no ring)
MPRegen 0.11/turn

%: no passive effects
@: corroded, glowing
A: no striking features
a: Renounce Religion, Smiting


You were on level 3 of the Dungeon.
You worshipped Beogh.
Beogh was pleased with you.
You visited 1 branch of the dungeon, and saw 5 of its levels.
You also visited: Ossuary.

You collected 272 gold pieces.

Inventory:

Hand Weapons
 a - a +0 hand axe (weapon)
Missiles
 f - 6 poisoned darts (quivered)
Armour
 d - an orb of light (worn)
 h - a +0 pair of boots (worn)
 i - a +2 helmet (worn)
 q - a +2 pair of gloves (worn)
 D - a +0 chain mail (worn)
Jewellery
 k - a +6 ring of dexterity (left hand)
Wands
 B - a wand of digging (5)
Scrolls
 e - a scroll of magic mapping
 g - 5 scrolls of teleportation
 l - 2 scrolls of noise {unknown}
 m - a scroll of brand weapon
 n - a scroll of torment {unknown}
 o - 2 scrolls of fog {unknown}
 p - a scroll of fear {unknown}
 r - a scroll of poison {unknown}
 s - a scroll of amnesia {unknown}
 u - a scroll of enchant weapon {unknown}
 w - a scroll of enchant armour {unknown}
 y - 2 scrolls of vulnerability {unknown}
Potions
 b - 2 potions of flight {unknown}
 c - a potion of brilliance {unknown}
 j - 4 potions of curing
 t - 3 potions of haste {unknown}
 x - a potion of lignification {unknown}
 z - a potion of attraction {unknown}
 A - a potion of mutation {unknown}
 C - a potion of degeneration {unknown}


   Skills:
 * Level 7.0 Fighting
 * Level 7.8 Axes
 + Level 3.5 Armour
 - Level 2.4 Dodging
 + Level 3.5 Shields


You had 5 spell levels left.
You knew the following spells:

 Your Spells              Type           Power      Damage    Failure   Level
a - Blink                 Tloc           0%         N/A       100%        2

Your spell library contained the following spells:

 Spells                   Type           Power      Damage    Failure   Level
 Dazzling Flash           Conj/Hex       0%         N/A       100%        3
 Tukima's Dance           Hex            0%         N/A       100%        3
 Volatile Blastmotes      Fire/Tloc      0%         2d10      100%        3
 Iskenderun's Mystic Bla  Conj/Tloc      0%         2d3       100%        4
 Manifold Assault         Tloc           0%         N/A       100%        4
 Passage of Golubria      Tloc           0%         N/A       100%        4
 Blade Hands              Tmut           0%         N/A       100%        5
 Irradiate                Conj/Tmut      0%         3d11      100%        5
 Yara's Violent Unravell  Hex/Tmut       0%         3d3       100%        5
 Starburst                Conj/Fire      0%         6d3       100%        6
 Dragon Form              Tmut           0%         N/A       100%        7
 Storm Form               Tmut/Air       0%         N/A       100%        7


Dungeon Overview and Level Annotations

Branches:
Dungeon (5/15)            Ossuary (visited)
 Temple: D:4-7

Altars:
Cheibriados

Annotations:
D:4 Azazsd's ghost, amateur DsCK


Message History

The jelly attacks as you move away! The jelly hits you but does no damage.
The jelly attacks as you move away! The jelly hits you but does no damage.
The dart slug launches a dart at you. The slug dart hits you.
The dart slug launches a dart at you. The slug dart hits you.
The dart slug launches a dart at you. The slug dart misses you.
There is a stone staircase leading down here.
The jelly attacks as you move away! The jelly barely misses you.
There is a stone staircase leading up here.
The jelly hits you but does no damage.
You climb upwards.
There is a stone staircase leading down here.
You hit the jelly but do no damage.
Your hands burn!
The jelly is severely wounded.
You hit the jelly but do no damage. The acid corrodes you!
Your hands burn!
The jelly is severely wounded.
The jelly barely misses you.
You hit the jelly but do no damage.
Your hands burn!
The jelly is severely wounded.
The jelly closely misses you.
You hit the jelly.
Your hands burn!
The jelly is almost dead.
The jelly hits you but does no damage.
You hit the jelly but do no damage. The acid corrodes you!
Your hands burn!
The jelly is almost dead.
The jelly hits you. The acid corrodes you!
You are splashed with acid!
* * * LOW HITPOINT WARNING * * *
You hit the jelly but do no damage. The acid corrodes you!
Your hands burn!
* * * LOW HITPOINT WARNING * * *
The jelly is almost dead.
The jelly hits you.
* * * LOW HITPOINT WARNING * * *
The acid corrodes you!
You are splashed with acid!
* * * LOW HITPOINT WARNING * * *
You feel better. The jelly hits you.
* * * LOW HITPOINT WARNING * * *
The acid corrodes you!
You are splashed with acid!
You die...

#.## #.#.# # #..#
#.#.######## #########.###
#.#......... #...........#
#...######## #.#######.#.#
###.#.# #
#.#<......[.###...#.#
#.#######.......#.#.#
#.........J.......#.########
###
#.#######.#@..#####.........
..# #.........#.#.##
########## ..#
#.########.....# ..# #.#
####..######### ..# #.#
#.........<# ..# #.#
####..........# ..# #.#
#...........†.# ..# #.#
#.##..........# ### #.#
#.##....#######


You could see a jelly.

Vanquished Creatures
  Sigmund (D:2)
  An ogre (D:4)
  A phantom (D:3)
  A vampire bat (D:3)
  2 hounds
  An iguana (D:4)
  Terence (D:2)
  Natasha (thrice) (D:2)
  An orc wizard (D:3)
  A mummy (Ossuary)
  Robin (D:2)
  An adder (D:3)
  A shadow imp (D:5)
  2 worms
  3 dart slugs
  3 fire bats (D:3)
  8 orcs
  3 spectral bats
  3 bat skeletons (D:3)
  A bat zombie (D:3)
  10 endoplasms
  3 giant cockroaches
  12 gnoll zombies (Ossuary)
  11 goblins
  17 hobgoblins
  7 jackals (D:1)
  4 kobolds
  4 quokkas
  3 ball pythons (D:1)
  14 bats
  7 bat simulacra
  4 frilled lizards
  A goblin simulacrum (Ossuary)
  7 goblin zombies (Ossuary)
  A hobgoblin zombie (Ossuary)
  6 kobold simulacra (Ossuary)
  4 kobold zombies (Ossuary)
  6 orc zombies (Ossuary)
  6 rats
  2 rat simulacra (Ossuary)
  A spectral goblin (Ossuary)
  3 spectral kobolds (Ossuary)
  A spectral rat (Ossuary)
173 creatures vanquished.

Vanquished Creatures (others)
  An orc (D:4)
1 creature vanquished.

Grand Total: 174 creatures vanquished

Notes
Turn   | Place    | Note
-------+----------+-------------------------------------------
     0 | D:1      | Okkudo the Hill Orc Monk began the quest for the Orb.
     0 | D:1      | Reached XP level 1. HP: 19/19 MP: 1/1
   174 | D:1      | Reached XP level 2. HP: 27/27 MP: 2/2
   488 | D:1      | Reached XP level 3. HP: 4/33 MP: 3/3
   513 | D:1      | Learned a level 2 spell: Blink
   676 | D:1      | Reached skill level 1 in Armour
   909 | D:2      | Reached skill level 1 in Shields
  1094 | D:2      | Noticed Sigmund
  1102 | D:3      | Noticed a phantom
  1132 | D:3      | Killed a phantom
  1133 | D:3      | Reached skill level 5 in Axes
  1133 | D:3      | Reached XP level 4. HP: 6/41 MP: 4/4
  1133 | D:3      | Reached XP level 5. HP: 7/47 MP: 5/5
  1344 | D:3      | Reached skill level 5 in Fighting
  1962 | D:3      | Reached XP level 6. HP: 56/56 MP: 6/6
  2367 | D:4      | Found a sand-covered staircase.
  2393 | Ossuary  | Entered an ossuary
  2946 | D:4      | Identified the +3 chain mail "Keetzyawk" {rF+ rN++ Will+
                  | Dex-2}
  2948 | D:4      | Became a worshipper of Beogh the Brigand
  2948 | D:4      | Reached * piety under Beogh
  2948 | D:4      | Reached ** piety under Beogh
  3123 | D:4      | Reached XP level 7. HP: 36/63 MP: 7/7
  3285 | D:4      | Found a runed translucent gate.
  3291 | D:4      | Found a runed translucent gate.
  3291 | D:4      | Found a runed translucent gate.
  3299 | D:4      | Noticed Azazsd's ghost (amateur DsCK)
  3353 | D:4      | Found a snail-covered altar of Cheibriados.
  3664 | D:5      | Entered Level 5 of the Dungeon
  3725 | D:4      | HP: 3/63 [iguana (11)]
  3955 | D:2      | Killed Sigmund
  4075 | D:2      | Noticed Terence
  4086 | D:2      | Noticed Robin
  4108 | D:2      | Killed Terence
  4119 | D:2      | Killed Robin
  4200 | D:2      | Noticed Natasha
  4227 | D:2      | Killed Natasha
  4341 | D:2      | Found a faded altar of an unknown god.
  4468 | D:2      | Noticed Natasha
  4474 | D:2      | Killed Natasha
  4503 | D:2      | Noticed Natasha
  4512 | D:2      | Killed Natasha
  4513 | D:2      | Reached XP level 8. HP: 56/73 MP: 8/8
  4642 | D:3      | HP: 2/73 [acid (9)]
  4643 | D:3      | Splashed by a jelly's acid

Illustrated notes

Levels and vault maps discovered:
D:1:      lightli_arrival_windingriver, layout_basic
D:2:      layout_loops_ring, shapermc_ecumenical_altar_mp_urbaneastern,
          chequers_big_river, uniq_robin, uniq_sigmund, uniq_natasha,
          uniq_terence
D:3:      layout_basic, goddamned_bats
D:4:      kennysheep_spiral_hall, layout_cave_pools,
          mainiacjoe_overflow_alcove_4, gammafunk_ghost_split,
          nicolae_ossuary_entry_false_entrances, kennysheep_generic_room_8
D:5:      layout_cave_pools, grunt_temple_overflow_open,
          minmay_temple_entry_glassed_door, grunt_ministairs_3

Skill      XL: |  1  2  3  4  5  6  7 |
---------------+----------------------+-----
Fighting       | 4 5 6 7 |  7.0
Armour         | 1 2 3 |  3.5
Shields        | 1 2 3 |  3.5
Axes           | 5 6 7 |  7.8
Dodging        | |  2.4

Action                     |  1- 3 |  4- 6 |  7- 9 || total
---------------------------+-------+-------+-------++-------
  Melee: Hand axe          |   130 |   305 |   156 ||   591
  Throw: Dart              |     2 |       |       ||     2
 Invoke: Convert to Beogh  |       |     1 |       ||     1
    Use: Potion            |     1 |       |     2 ||     3
         Scroll            |       |     1 |     2 ||     3
   Stab: Sleeping          |       |     1 |       ||     1
 Armour: Robe              |    41 |     9 |       ||    50
         Ring mail         |       |   113 |    41 ||   154
         Chain mail        |       |       |    39 ||    39
  Dodge: Dodged            |    94 |   192 |    74 ||   360
